 Dungeon Crawl Stone Soup version 0.30.0-15-g856e2d3f33 (webtiles) character file.

Game seed: 16149956116643420705

49 Zookeeper the Chopper (level 3, -4/28 HPs)
             Began as a Demonspawn Gladiator on May 19, 2023.
             Slain by Ijyb
             ... wielding a +5 club
              (5 damage)
             ... on level 3 of the Dungeon.
             The game lasted 00:04:40 (1799 turns).

Zookeeper the Chopper (Demonspawn Gladiator)        Turns: 1799, Time: 00:04:43

Health: -4/28      AC:  9    Str: 10 (13) XL:     3   Next: 53%
Magic:  3/3        EV: 12    Int:  8 (10) God:
Gold:   101        SH:  0    Dex: 15 (18) Spells: 2/2 levels left

rFire   + . .        a - +0 war axe
rCold   . . .        (no shield)
rNeg    . . .        s - +0 chain mail
rPois   .            c - +0 helmet
rElec   .            (no cloak)
rCorr   .            (no gloves)
SInv    .            (no boots)
Will    .....        q - amulet of reflection Stlth
                     b - +5 ring of evasion
HPRegen 0.24/turn    (no ring)
MPRegen 0.08/turn

%: reflection
@: confused, mighty, hasted, very quick
A: sturdy frame 1, agile 1, fire resistance 1
a: no special abilities


You were on level 3 of the Dungeon.
You visited 1 branch of the dungeon, and saw 3 of its levels.

You collected 101 gold pieces.

Inventory:

Hand Weapons
 a - a +0 war axe (weapon)
Missiles
 d - 3 throwing nets
 e - a javelin
 p - 9 poisoned darts (quivered)
Armour
 c - a +0 helmet (worn)
 s - a +0 chain mail (worn)
Magical Staves
 t - a staff of conjuration
Jewellery
 b - a +5 ring of evasion (left hand)
 q - an amulet of reflection (around neck)
Scrolls
 f - a scroll of enchant armour {unknown}
 g - a scroll of poison {unknown}
 h - 2 scrolls of noise {unknown}
 j - a scroll of blinking {unknown}
 k - a scroll of teleportation {unknown}
 m - a scroll of enchant weapon {unknown}
 o - a scroll of fear {unknown}
 r - a scroll of fog {unknown}
Potions
 l - a potion of mutation
 u - a potion of might


   Skills:
 + Level 2.8 Fighting
 + Level 3.2 Axes
 - Level 1.7 Throwing
 + Level 0.9 Armour
 - Level 3.0 Dodging


You had 2 spell levels left.
You didn't know any spells.
Your spell library was empty.

Dungeon Overview and Level Annotations

Branches:
Dungeon (3/15)

Altars:

Shops:
D:1 (!?

Annotations:
D:3 Grinder, Ijyb


Innate Abilities, Weirdness & Mutations

Your movements are slightly less encumbered by armour. (ER -2)
You are agile. (Dex +4, Str/Int -1)
Your flesh is heat resistant. (rF+)


Message History

You are too confused!
You are too confused!
You are too confused!
Okay, then.
The orc barely misses you.
Ijyb zaps a wand.
Your will is overpowered!
You are more confused.
You barely miss the orc. The orc completely misses you.
The orc throws a poisoned dart.
The poisoned dart hits you!
You are poisoned.
It was a potion of mutation.
You feel extremely strange.
You feel resistant to heat.
You feel agile.
You feel sick.
The orc throws a poisoned dart.
The poisoned dart barely misses you.
It was a potion of haste.
You feel yourself speed up.
You feel sick. Ijyb hits you with a +5 club!
* * * LOW HITPOINT WARNING * * *
It was a potion of might.
You feel very mighty all of a sudden.
You feel sick. The orc hits you but does no damage. Ijyb barely misses you.
It was a potion of degeneration.
There was something very wrong with that liquid.
You feel weakened.
You feel dopey.
You feel clumsy.
You feel sick.
You slash Ijyb! Your punch misses Ijyb.
Ijyb is heavily wounded.
You slash the orc!
You kill the orc!
You feel sick.
Ijyb zaps a wand.
You resist with significant effort.
Ijyb zaps a wand.
You resist with significant effort.
You miss Ijyb.
Ijyb is heavily wounded.
You feel sick. Ijyb hits you with a +5 club.
* * * LOW HITPOINT WARNING * * *
You miss Ijyb.
Ijyb is heavily wounded.
* * * LOW HITPOINT WARNING * * *
You feel sick.
You are no longer poisoned.
Ijyb hits you with a +5 club.
You die...

### ## #.. .##
#.# ....
#.####..###
#.##.......
#.##.#..#
#@).....####
#.g.........
####†###### #.#
#.# ##########
#.# #.......#.
##.####.......#.
##..#..........#.
#.....#..........


You could see Ijyb.

Vanquished Creatures
  A worm (D:3)
  A dart slug (D:2)
  An orc (D:3)
  3 bats
  8 endoplasms
  A giant cockroach (D:1)
  3 hobgoblins (D:1)
  5 kobolds
  3 quokkas
  4 ball pythons
  4 frilled lizards
  2 goblins
  6 rats
42 creatures vanquished.

Notes
Turn   | Place    | Note
-------+----------+-------------------------------------------
     0 | D:1      | Zookeeper the Demonspawn Gladiator began the quest for the
                  | Orb.
     0 | D:1      | Reached XP level 1. HP: 16/16 MP: 1/1
    60 | D:1      | Found Fuinuac's Distillery.
    67 | D:1      | Found Uneu's Magic Scroll Shoppe.
    96 | D:1      | Gained mutation: Your movements are slightly less
                  | encumbered by armour. (ER -2) [demonic ancestry]
    96 | D:1      | Reached XP level 2. HP: 21/22 MP: 2/2
   518 | D:1      | Found Fauvigho's Antique Weapon Boutique.
   892 | D:2      | Reached XP level 3. HP: 25/28 MP: 3/3
  1601 | D:3      | Noticed Grinder
  1785 | D:3      | Noticed Ijyb
  1792 | D:3      | Gained mutation: Your flesh is heat resistant. (rF+)
                  | [potion of mutation]
  1792 | D:3      | Gained mutation: You are agile. (Dex +4, Str/Int -1)
                  | [potion of mutation]
  1798 | D:3      | HP: 1/28 [Ijyb/+5 club (2)]
  1799 | D:3      | Slain by Ijyb

Illustrated notes

Levels and vault maps discovered:
D:1:      lightli_molten_gateway, layout_loops_ring, serial_shops,
          nicolae_shop_industrial_runoff, nicolae_square_shop, shop_scrolls
D:2:      layout_basic, roderic_roman_lattice, grunt_ministairs_6
D:3:      layout_loops_cross, mainiacjoe_overflow_alcove_1, uniq_ijyb,
          uniq_grinder

Skill      XL: |  1  2 |
---------------+-------+-----
Dodging        | 3 |  3.0
Axes           | 3 |  3.2
Fighting       | |  2.8
Throwing       | |  1.7
Armour         | |  0.9

Action                     || total
---------------------------++-------
  Melee: War axe           ||    98
         Punch             ||     1
    Use: Potion            ||     4
 Armour: Leather armour    ||     6
         Scale mail        ||    16
         Chain mail        ||     8
  Dodge: Dodged            ||    64
  Block: Other             ||     7
